 Dungeon Crawl Stone Soup version 0.32-a0-7-ge934b4519a (webtiles) character file.

Game seed: 10380581901971494901

122681 CougarLife the Blocker (level 16, -4/131 HPs)
             Began as a Gnoll Fighter on Jan 14, 2024.
             Was a High Priest of Okawaru.
             Slain by Aizul (5 damage)
             ... on level 2 of the Swamp.
             The game lasted 01:13:28 (30326 turns).

CougarLife the Blocker (Gnoll Fighter)             Turns: 30326, Time: 01:13:28

Health: -4/131     AC: 41    Str: 20    XL:     16   Next: 88%
Magic:  31/31      EV: 14    Int:  9    God:    Okawaru [*****.]
Gold:   2509       SH: 25    Dex: 14    Spells: 38/38 levels left

rFire   + . .        S - +8 hand axe "Zippott" {flame, rElec rPois Dex+3}
rCold   + . .        h - +0 tower shield
rNeg    . . .        H - +1 crystal plate armour {rC+}
rPois   +            u - +0 helmet "Piacueloi" {rPois rF+ rCorr Dex-3 Slay+3}
rElec   +            a - +1 cloak {Stlth+}
rCorr   +            Y - +1 pair of gloves
SInv    .            T - +2 pair of boots {Fly}
Will    +....        C - amulet of reflection Stlth
                     c - +4 ring of protection
HPRegen 0.41/turn    j - +5 ring of evasion
MPRegen 0.22/turn

%: reflection
@: lethally poisoned (-4 -> -33), heroic, flying, hasted, very quick
A: fangs 1, strong nose, distributed training
a: Renounce Religion, Heroism, Finesse, Duel


You were on level 2 of the Swamp.
You worshipped Okawaru.
Okawaru was extremely pleased with you.
You visited 5 branches of the dungeon, and saw 25 of its levels.
You also visited: Gauntlet and Ice Cave.

You collected 2862 gold pieces.
You spent 353 gold pieces at shops.

Inventory:

Hand Weapons
 S - the +8 hand axe "Zippott" (weapon) {flame, rElec rPois Dex+3}
   (You found it on level 2 of the Lair of Beasts)

   Dex+3:     It affects your dexterity (+3).
   rElec:     It insulates you from electricity.
   rPois:     It protects you from poison
Missiles
 f - 54 poisoned darts
 s - 2 curare-tipped darts (quivered)
 z - 10 javelins
 D - 8 boomerangs
 Q - 6 silver javelins
Armour
 a - a +1 cloak of stealth (worn)
 h - a +0 tower shield (worn)
 u - the +0 helmet "Piacueloi" (worn) {rPois rF+ rCorr Dex-3 Slay+3}
   (You found it in a Gauntlet)

   Dex-3:     It affects your dexterity (-3).
   Slay+3:    It affects your accuracy & damage with ranged weapons and melee
   (+3).
   rF+:       It protects you from fire.
   rPois:     It protects you from poison rCorr: It protects you from acid and
   corrosion.
 H - a +1 crystal plate armour of cold resistance (worn)
 T - a +2 pair of boots of flying (worn)
 Y - a +1 pair of gloves (worn)
Jewellery
 c - a +4 ring of protection (left hand)
 j - a +5 ring of evasion (right hand)
 C - an amulet of reflection (around neck)
 U - a ring of protection from fire
 W - a ring of protection from cold
Wands
 e - a wand of flame (33)
 w - a wand of roots (1)
 L - a wand of light (17)
 P - a wand of polymorph (13)
Scrolls
 g - a scroll of silence {unknown}
 k - 3 scrolls of fear
 l - 3 scrolls of vulnerability
 o - 3 scrolls of blinking
 p - 5 scrolls of enchant weapon
 q - 5 scrolls of poison
 r - 3 scrolls of enchant armour
 v - 5 scrolls of noise
 x - 9 scrolls of teleportation
 B - 7 scrolls of fog
 F - 7 scrolls of immolation
 I - 3 scrolls of torment
 N - 2 scrolls of acquirement {unknown}
 R - 5 scrolls of amnesia {unknown}
Potions
 b - 2 potions of ambrosia {unknown}
 d - 3 potions of enlightenment
 i - 4 potions of degeneration {unknown}
 m - 4 potions of heal wounds {unknown}
 n - a potion of might
 t - 4 potions of invisibility {unknown}
 A - 2 potions of haste
 E - 4 potions of brilliance {unknown}
 G - 5 potions of lignification
 J - 4 potions of mutation {unknown}
 K - 4 potions of attraction {unknown}
 M - 5 potions of curing {unknown}


   Skills:
 + Level 13.2(18.2) Fighting
 + Level 11.6(16.6) Short Blades
 + Level 11.6(16.6) Long Blades
 + Level 12.4(17.4) Axes
 + Level 11.6(16.6) Maces & Flails
 + Level 11.6(16.6) Polearms
 + Level 11.6(16.6) Staves
 + Level 11.6(16.6) Ranged Weapons
 + Level 11.6(16.6) Throwing
 + Level 13.2(18.2) Armour
 + Level 11.6(16.6) Dodging
 + Level 11.6(16.6) Stealth
 + Level 13.2(18.2) Shields
 + Level 11.6(16.6) Unarmed Combat
 + Level 11.6 Spellcasting
 + Level 9.8 Conjurations
 + Level 9.8 Hexes
 + Level 9.8 Summonings
 + Level 9.8 Necromancy
 + Level 9.8 Translocations
 + Level 9.8 Fire Magic
 + Level 9.8 Ice Magic
 + Level 9.8 Air Magic
 + Level 9.8 Earth Magic
 + Level 9.8 Alchemy
 + Level 12.6 Invocations
 + Level 11.6 Evocations
 + Level 10.7 Shapeshifting


You had 38 spell levels left.
You didn't know any spells.
Your spell library contained the following spells:

 Spells                   Type           Power      Damage    Failure   Level
 Freeze                   Ice            88%        1d9       16%         1
 Kiss of Death            Conj/Necr      88%        2d12      16%         1
 Magic Dart               Conj           88%        1d7       16%         1
 Slow                     Hex            88%        N/A       16%         1
 Ensorcelled Hibernation  Hex/Ice        44%        N/A       24%         2
 Jinxbite                 Hex            44%        N/A       24%         2
 Mercury Vapours          Alch/Air       44%        N/A       24%         2
 Searing Ray              Conj           44%        2d6       24%         2
 Static Discharge         Conj/Air       44%        3-5/arc   24%         2
 Confusing Touch          Hex            22%        N/A       43%         3
 Frozen Ramparts          Ice            44%        1d7       43%         3
 Fugue of the Fallen      Necr           22%        N/A       43%         3
 Hailstorm                Conj/Ice       22%        3d7       43%         3
 Mephitic Cloud           Conj/Alch/Air  22%        N/A       43%         3
 Sigil of Binding         Hex            22%        N/A       43%         3
 Stone Arrow              Conj/Erth      44%        3d9       43%         3
 Vampiric Draining        Necr           22%        2d7       43%         3
 Airstrike                Air            11%        2d(2-18)  85%         4
 Anguish                  Hex/Necr       11%        N/A       85%         4
 Brom's Barrelling Bould  Conj/Erth      22%        2d4       85%         4
 Dimensional Bullseye     Hex/Tloc       11%        N/A       85%         4
 Dispel Undead            Necr           22%        3d12      85%         4
 Fulminant Prism          Conj/Alch      11%        3d8       85%         4
 Olgreb's Toxic Radiance  Alch           22%        N/A       85%         4
 Vhi's Electric Charge    Tloc/Air       44%        N/A       85%         4
 Alistair's Intoxication  Alch           14%        N/A       99%         5
 Arcjolt                  Conj/Air       11%        1d21      99%         5
 Borgnjor's Vile Clutch   Necr/Erth      11%        N/A       99%         5
 Curse of Agony           Necr           22%        N/A       99%         5
 Fireball                 Conj/Fire      11%        3d7       99%         5
 Freezing Cloud           Conj/Ice/Air   11%        6-21      99%         5
 Iskenderun's Battlesphe  Conj           22%        2d8       99%         5
 Lee's Rapid Deconstruct  Erth           11%        3d8*      99%         5
 Metabolic Englaciation   Hex/Ice        11%        N/A       99%         5
 Yara's Violent Unravell  Hex/Alch       11%        3d6       99%         5
 Conjure Ball Lightning   Conj/Air       11%        3x3d6     100%        6
 Eringya's Noxious Bog    Alch           11%        4d6       100%        6
 Plasma Beam              Fire/Air       11%        2x1d22    100%        6
 Enfeeble                 Hex            11%        N/A       100%        7
 Orb of Destruction       Conj           11%        9d6       100%        7
 Ozocubu's Refrigeration  Ice            11%        4d9       100%        7
 Discord                  Hex            11%        N/A       100%        8
 Lehudib's Crystal Spear  Conj/Erth      11%        10d4      100%        8
 Polar Vortex             Ice            11%        12d1*     100%        9
 Call Canine Familiar     Summ           Unusable   N/A       N/A         3
 Animate Armour           Summ/Erth      Unusable   N/A       N/A         4
 Summon Lightning Spire   Summ/Air       Unusable   N/A       N/A         4
 Sculpt Simulacrum        Ice/Alch       Unusable   N/A       N/A         6

Dungeon Overview and Level Annotations

Branches:
Dungeon (15/15)            Temple (1/1) D:7            Lair (5/5) D:11
  Swamp (2/4) Lair:3       Spider (0/4) Lair:2        Slime (0/5) Lair:4
    Orc (2/2) D:11            Elf (0/3) Orc:2        Vaults (0/5) D:13
 Depths (0/4) D:15          IceCv (visited)         Gauntlet (visited)

Altars:
Ashenzari
Cheibriados
Dithmenos
Elyvilon
Fedhas
Gozag
Hepliaklqana
Kikubaaqudgha
Makhleb
Nemelex Xobeh
Okawaru
Qazlal
Ru
Sif Muna
Trog
Uskayaw
Vehumet
Wu Jian
Xom
Yredelemnul
Zin
The Shining One
Jiyva

Shops:
D:1 *   D:14 *   Orc:1 =   Orc:2 *[!:

Annotations:
D:4 3 runed translucent doors, lucidstorm14's ghost, amateur MiBe
Lair:1 2 transporters, randumb's ghost, journeyman TeAE
Swamp:2 Aizul


Innate Abilities, Weirdness & Mutations

You have very sharp teeth.
Your uncanny sense of smell can sniff out nearby items.
Your experience applies equally to all skills.


Message History

Aizul is heavily wounded.
You feel very sick. You block Aizul's attack.
You miss Aizul.
Aizul is heavily wounded.
You feel very sick.
You miss Aizul. Your bite misses Aizul.
Aizul is heavily wounded.
You feel very sick. Aizul hits you but does no damage.
You miss Aizul.
Aizul is heavily wounded.
You feel very sick. You block Aizul's attack.
You barely miss Aizul.
Aizul is heavily wounded.
You feel very sick. You block Aizul's attack.
You slice Aizul!! You burn Aizul! You bite Aizul, but do no damage.
Aizul is severely wounded.
You feel very sick.
You slash Aizul! You burn Aizul.
Aizul is almost dead.
You feel sick.
Aizul coils herself and waves her upper body at you.
The poison arrow hits you!!
You are lethally poisoned!
You partially resist.
* * * LOW HITPOINT WARNING * * *
You hit Aizul. You burn Aizul.
Aizul is almost dead.
* * * LOW HITPOINT WARNING * * *
You feel very sick. You block Aizul's attack.
You hit Aizul. You burn Aizul.
Aizul is almost dead.
* * * LOW HITPOINT WARNING * * *
You feel very sick. Aizul hits you.
You die...

♣~.~~..~♣♣♣♣..~~~.♣....
♣♣.~~~~~.~♣.~.§~~...~~..
♣ .~~~~~.~~.~~~~~..~~~~~
♣ ♣..~~~...~~~....~~~~(
♣♣♣♣...~~~~.~~~~~~~.~~(~
♣♣.~♣[.~~~~...~.~~~.(♣.§
~.........~.~....~~~....
.~~~~~....~..)~~..(..~~~
.~~~~~~~.~~~~§~§@S...~~~
...~~~~.~~~~~~~~.~~..~.~
♣..~~~~.~~~~~~~~.~~~~..~
...~~~~~~§~..†.~...~~~..
.~~~..~~~.♣♣♣♣~..~~~~~..
~~~.♣.~~§~♣ ♣♣.~~~~~..~
~~~♣..~~~.♣ ♣~.~~~~.~.
.~~<§ ~♣♣~~♣♣♣♣♣.∆
..~..~.~.. ♣..~§. ♣♣♣♣~♣
. ...~~ ♣...~~


You could see Aizul.

Vanquished Creatures
  Nikola (Swamp:1)
  Jorgrun (D:12)
  Rupert (D:12)
  Gastronok (Lair:3)
  A thorn hunter (Swamp:1)
  Donald (Swamp:1)
  A fenstrider witch (Swamp:2)
  A minotaur (Gauntlet)
  Nessos (D:12)
  A bunyip (Swamp:2)
  The ghost of Dodiz the Carver, a journeyman BaFi of Cheibriados (D:13)
  2 ettins
  A green death (Gauntlet)
  Josephine (Orc:1)
  3 ogre magi
  4 centaur warriors
  A ghost crab (Swamp:2)
  6 hydras
  5 alligators (Swamp:1)
  4 catoblepae
  2 boulder beetles
  11 death yaks
  18 two-headed ogres
  Urug (Lair:3)
  3 tengu warriors (D:15)
  An orc high priest (Orc:2)
  A skyshark (Lair:5)
  2 goliath frogs
  A spriggan druid (Swamp:1)
  3 skeletal warriors (D:14)
  A swamp dragon (Swamp:1)
  3 deep trolls
  3 bog bodies
  3 deep elf pyromancers
  A necromancer (D:15)
  An orc knight (Orc:1)
  7 cyclopes
  3 manticores
  11 ugly things
  4 black mambas
  9 elephants
  3 meliai (D:15)
  3 kobold blastminers
  An ice statue (IceCv)
  16 cane toads
  2 orange demons (Gauntlet)
  An unseen horror (D:11)
  A gargoyle (D:13)
  2 rime drakes
  A minotaur zombie (Gauntlet)
  7 komodo dragons
  5 kobold demonologists
  2 anaconda simulacra (IceCv)
  2 tengu conjurers
  13 trolls
  3 polar bears
  A wolf spider simulacrum (Gauntlet)
  Grinder (D:6)
  6 hornets
  5 tyrant leeches
  13 blink frogs
  A raiju (shapeshifter) (D:13)
  Prince Ribbit (D:7)
  3 shadows
  A centaur simulacrum (Gauntlet)
  13 slime creatures
  A yak (shapeshifter) (D:15)
  7 wraiths
  2 vampires (D:11)
  2 dire elephant simulacra (IceCv)
  5 spriggans
  3 wyverns
  66 yaks
  7 basilisks
  Grum (D:9)
  2 death yak simulacra (IceCv)
  3 wargs
  3 vampire mosquitoes (D:12)
  A harpy simulacrum (IceCv)
  8 swamp worms
  10 water moccasins
  2 hydra simulacra (IceCv)
  3 acid dragons
  3 swamp drakes
  18 orc warriors
  2 sky beasts
  3 black bears
  2 ice beasts
  27 ogres
  8 wolves
  12 centaurs
  10 kobold brigands
  17 bullfrogs
  9 two-headed ogre simulacra (IceCv)
  A cane toad simulacrum (IceCv)
  7 scorpions
  9 wights
  A hornet simulacrum (Gauntlet)
  3 elephant simulacra (IceCv)
  3 killer bees (D:9)
  2 electric eels
  4 howler monkeys
  4 hounds
  2 bombardier beetles (D:4)
  12 orc priests
  2 sleepcaps
  2 iguanas
  12 orc wizards
  5 hell rats (Lair:4)
  2 polar bear simulacra (IceCv)
  7 spriggan simulacra (IceCv)
  6 troll simulacra (IceCv)
  A wolf simulacrum (IceCv)
  6 gnolls
  10 adders
  5 naga simulacra (IceCv)
  4 white imps
  14 ufetubi
  3 ribbon worms
  A dart slug (D:4)
  56 orcs
  8 ball pythons
  4 bats (D:1)
  5 endoplasms
  3 giant cockroaches
  6 goblins
  7 hobgoblins
  3 jackals (D:1)
  28 kobolds
  3 quokkas
  7 frilled lizards
  2 rats
731 creatures vanquished.

Vanquished Creatures (others)
  A kobold brigand (D:10)
  An orc (Orc:1)
2 creatures vanquished.

Grand Total: 733 creatures vanquished

Notes
Turn   | Place    | Note
-------+----------+-------------------------------------------
     0 | D:1      | CougarLife the Gnoll Fighter began the quest for the Orb.
     0 | D:1      | Reached XP level 1. HP: 23/23 MP: 1/1
    37 | D:1      | Reached XP level 2. HP: 17/29 MP: 2/2
   159 | D:1      | Found Ciyk's Assorted Antiques.
   170 | D:1      | Reached XP level 3. HP: 34/35 MP: 3/3
   333 | D:1      | Reached skill level 1 in Invocations
   651 | D:2      | Reached skill level 1 in Short Blades
   651 | D:2      | Reached skill level 1 in Long Blades
   651 | D:2      | Reached skill level 1 in Maces & Flails
   651 | D:2      | Reached skill level 1 in Polearms
   651 | D:2      | Reached skill level 1 in Staves
   651 | D:2      | Reached skill level 1 in Ranged Weapons
   651 | D:2      | Reached skill level 1 in Throwing
   651 | D:2      | Reached skill level 1 in Dodging
   651 | D:2      | Reached skill level 1 in Stealth
   651 | D:2      | Reached skill level 1 in Unarmed Combat
   651 | D:2      | Reached skill level 1 in Spellcasting
   651 | D:2      | Reached skill level 1 in Evocations
   752 | D:2      | Reached skill level 1 in Shapeshifting
   752 | D:2      | Reached XP level 4. HP: 34/41 MP: 5/5
  1445 | D:3      | Reached skill level 1 in Conjurations
  1445 | D:3      | Reached skill level 1 in Hexes
  1445 | D:3      | Reached skill level 1 in Summonings
  1445 | D:3      | Reached skill level 1 in Necromancy
  1445 | D:3      | Reached skill level 1 in Translocations
  1445 | D:3      | Reached skill level 1 in Fire Magic
  1445 | D:3      | Reached skill level 1 in Ice Magic
  1445 | D:3      | Reached skill level 1 in Air Magic
  1445 | D:3      | Reached skill level 1 in Earth Magic
  1445 | D:3      | Reached skill level 1 in Alchemy
  2112 | D:4      | Noticed a scorpion
  2121 | D:4      | Killed a scorpion
  2122 | D:4      | Reached XP level 5. HP: 47/47 MP: 7/7
  2204 | D:3      | Reached XP level 6. HP: 52/53 MP: 8/8
  2216 | D:4      | Noticed a black bear
  2221 | D:4      | Noticed lucidstorm14's ghost (amateur MiBe)
  2228 | D:4      | Found a runed translucent gate.
  2228 | D:4      | Found a runed translucent gate.
  2228 | D:4      | Found a runed translucent gate.
  2255 | D:4      | Reached skill level 5 in Axes
  2867 | D:5      | Entered Level 5 of the Dungeon
  2873 | D:5      | Noticed a black bear
  2888 | D:4      | Killed a black bear
  2889 | D:4      | Reached XP level 7. HP: 57/60 MP: 10/10
  3448 | D:5      | Reached XP level 8. HP: 67/67 MP: 12/12
  3707 | D:6      | Noticed a purple ugly thing
  3724 | D:6      | Killed a purple ugly thing
  4029 | D:6      | Noticed Grinder
  4330 | D:6      | Paralysed by Grinder for 3 turns
  4334 | D:6      | Killed Grinder
  4335 | D:6      | Reached XP level 9. HP: 57/73 MP: 13/15
  4643 | D:6      | You fall into a shaft and drop 2 floors!
  4721 | D:8      | Noticed Prince Ribbit
  4881 | D:7      | Reached skill level 5 in Invocations
  5743 | D:7      | Found a staircase to the Ecumenical Temple.
  5813 | Temple   | Entered the Ecumenical Temple
  5839 | Temple   | Became a worshipper of Warmaster Okawaru
  5965 | D:7      | Reached skill level 5 in Short Blades
  5965 | D:7      | Reached skill level 5 in Long Blades
  5965 | D:7      | Reached skill level 5 in Maces & Flails
  5965 | D:7      | Reached skill level 5 in Polearms
  5965 | D:7      | Reached skill level 5 in Staves
  5965 | D:7      | Reached skill level 5 in Ranged Weapons
  5965 | D:7      | Reached skill level 5 in Throwing
  5965 | D:7      | Reached skill level 5 in Dodging
  5965 | D:7      | Reached skill level 5 in Stealth
  5965 | D:7      | Reached skill level 5 in Unarmed Combat
  5965 | D:7      | Reached skill level 5 in Spellcasting
  5965 | D:7      | Reached skill level 5 in Evocations
  5965 | D:7      | Reached XP level 10. HP: 81/81 MP: 17/17
  5965 | D:7      | Noticed a cyclops
  6038 | D:7      | Killed a cyclops
  6236 | D:7      | Noticed an angel
  6237 | D:7      | Found a glowing silver altar of Zin.
  6318 | D:7      | Killed Prince Ribbit
  6951 | D:9      | Reached * piety under Okawaru
  7068 | D:9      | Reached skill level 5 in Shapeshifting
  7113 | D:9      | Noticed Grum
  7131 | D:9      | Killed Grum
  7301 | D:9      | Reached ** piety under Okawaru
  7764 | D:9      | Identified the +5 great sword of Rusyip {antimagic, *Noise
                  | rN+ Str+6 Int+3}
  7823 | D:10     | Entered Level 10 of the Dungeon
  7823 | D:10     | Noticed a kobold demonologist
  7823 | D:10     | Noticed a kobold demonologist
  7983 | D:10     | Reached skill level 5 in Conjurations
  7983 | D:10     | Reached skill level 5 in Hexes
  7983 | D:10     | Reached skill level 5 in Summonings
  7983 | D:10     | Reached skill level 5 in Necromancy
  7983 | D:10     | Reached skill level 5 in Translocations
  7983 | D:10     | Reached skill level 5 in Fire Magic
  7983 | D:10     | Reached skill level 5 in Ice Magic
  7983 | D:10     | Reached skill level 5 in Air Magic
  7983 | D:10     | Reached skill level 5 in Earth Magic
  7983 | D:10     | Reached skill level 5 in Alchemy
  7983 | D:10     | Reached XP level 11. HP: 81/89 MP: 20/20
  8084 | D:10     | Noticed a two-headed ogre
  8098 | D:10     | Killed a two-headed ogre
  8098 | D:10     | Reached *** piety under Okawaru
  8669 | D:10     | Noticed a soul eater
  8886 | D:10     | Noticed a two-headed ogre
  8903 | D:10     | Killed a two-headed ogre
  9456 | D:10     | Noticed a two-headed ogre
  9469 | D:10     | Killed a two-headed ogre
  9469 | D:10     | Reached **** piety under Okawaru
  9898 | D:11     | Found a staircase to the Lair.
 10500 | D:11     | Noticed a cyclops
 10724 | D:11     | Killed a cyclops
 11007 | D:11     | Found a staircase to the Orcish Mines.
 11313 | Lair:1   | Entered Level 1 of the Lair of Beasts
 11371 | D:11     | Noticed a deep elf pyromancer
 11382 | D:11     | Killed a deep elf pyromancer
 11415 | Lair:1   | Reached XP level 12. HP: 96/97 MP: 22/22
 11670 | Lair:1   | Noticed randumb's ghost (journeyman TeAE)
 11866 | Lair:1   | Found a transporter.
 11868 | Lair:1   | Found a transporter.
 11875 | Lair:1   | Noticed a four-headed hydra
 12074 | Lair:1   | Reached skill level 10 in Fighting
 12074 | Lair:1   | Reached skill level 10 in Armour
 12074 | Lair:1   | Reached skill level 10 in Shields
 12128 | Lair:1   | Reached ***** piety under Okawaru
 12712 | Lair:2   | You fall into a shaft and drop 1 floor!
 12723 | Lair:3   | Noticed Urug
 12749 | Lair:3   | Killed Urug
 12885 | Lair:3   | Found a frozen archway.
 12891 | IceCv    | Entered an ice cave
 13584 | IceCv    | Received a gift from Okawaru
 14517 | IceCv    | Reached XP level 13. HP: 60/104 MP: 25/25
 15278 | Lair:2   | Received a gift from Okawaru
 15511 | Lair:2   | Found a hole to the Spider Nest.
 15709 | Lair:2   | Identified the +8 hand axe "Zippott" {flame, rElec rPois
                  | Dex+3}
 16511 | Lair:2   | Reached skill level 10 in Axes
 16989 | Lair:3   | Received a gift from Okawaru
 17164 | Lair:3   | Found a staircase to the Swamp.
 17277 | Lair:3   | Noticed Gastronok
 17300 | Lair:3   | Killed Gastronok
 17972 | Lair:3   | Reached XP level 14. HP: 113/113 MP: 27/27
 17990 | Lair:3   | Reached skill level 10 in Invocations
 18365 | Lair:4   | Received a gift from Okawaru
 18920 | Lair:4   | Found a staircase to the Slime Pits.
 18922 | Lair:4   | Found a viscous altar of Jiyva.
 19091 | Lair:5   | Entered Level 5 of the Lair of Beasts
 19409 | Lair:5   | Received a gift from Okawaru
 19923 | Lair:5   | Found an ancient bone altar of Kikubaaqudgha.
 20682 | Lair:5   | Received a gift from Okawaru
 21237 | D:12     | Noticed Jorgrun
 21264 | D:12     | Killed Jorgrun
 21265 | D:12     | Reached skill level 10 in Short Blades
 21265 | D:12     | Reached skill level 10 in Long Blades
 21265 | D:12     | Reached skill level 10 in Maces & Flails
 21265 | D:12     | Reached skill level 10 in Polearms
 21265 | D:12     | Reached skill level 10 in Staves
 21265 | D:12     | Reached skill level 10 in Ranged Weapons
 21265 | D:12     | Reached skill level 10 in Throwing
 21265 | D:12     | Reached skill level 10 in Dodging
 21265 | D:12     | Reached skill level 10 in Stealth
 21265 | D:12     | Reached skill level 10 in Unarmed Combat
 21265 | D:12     | Reached skill level 10 in Spellcasting
 21265 | D:12     | Reached skill level 10 in Evocations
 21311 | D:12     | Found a gate leading to a gauntlet.
 21315 | Gauntlet | Entered a Gauntlet
 21315 | Gauntlet | Found a transporter.
 21324 | Gauntlet | Found a transporter.
 21326 | Gauntlet | Found a transporter.
 21330 | Gauntlet | Found a runed translucent door.
 21338 | Gauntlet | Found a runed translucent door.
 21341 | Gauntlet | Found a transporter.
 21343 | Gauntlet | Found a transporter.
 21351 | Gauntlet | Noticed a dire elephant
 21353 | Gauntlet | Found a transporter.
 21371 | Gauntlet | Found a transporter.
 21381 | Gauntlet | Found a transporter.
 21397 | Gauntlet | Found a transporter.
 21404 | Gauntlet | Found a runed translucent door.
 21408 | Gauntlet | Found a transporter.
 21421 | Gauntlet | Found a transporter.
 21431 | Gauntlet | Found a transporter.
 21436 | Gauntlet | Found a transporter.
 21521 | Gauntlet | Found a transporter.
 21592 | Gauntlet | Reached XP level 15. HP: 99/120 MP: 29/29
 21826 | Gauntlet | Identified the +0 helmet "Piacueloi" {rPois rF+ rCorr Dex-3
                  | Slay+3}
 21858 | Gauntlet | Identified the +9 orcbow of the Screaming Badger {drain,
                  | Str+4 Int+4 SInv}
 21899 | Gauntlet | Got Practical Sorcery
 22020 | D:12     | Noticed Rupert
 22030 | D:12     | Killed Rupert
 22086 | D:12     | Noticed Nessos
 22094 | D:12     | Killed Nessos
 22442 | Orc:1    | Entered Level 1 of the Orcish Mines
 22721 | Orc:2    | Entered Level 2 of the Orcish Mines
 22721 | Orc:2    | Found Hiuciviuk's General Store.
 22848 | Orc:1    | Received a gift from Okawaru
 23352 | Orc:2    | Found Cororocs's Distillery.
 23366 | Orc:2    | Found Iqaown's Book Shoppe.
 23473 | Orc:2    | Found Rutar's Antique Armour Shop.
 23799 | Orc:2    | Found a staircase to the Elven Halls.
 24035 | Orc:1    | Noticed Josephine
 24052 | Orc:1    | Killed Josephine
 24060 | Orc:1    | Received a gift from Okawaru
 24197 | Orc:1    | Found Akheacha's Jewellery Emporium.
 24840 | D:13     | Found a gate to the Vaults.
 25349 | D:13     | Reached skill level 10 in Shapeshifting
 25455 | D:13     | Found a runed translucent door.
 25457 | D:13     | Noticed Dodiz's ghost (journeyman BaFi)
 25677 | D:13     | Killed Dodiz's ghost
 25850 | D:14     | Found Pijef's Assorted Antiques.
 25857 | D:14     | Bought a scroll of teleportation for 63 gold pieces
 25977 | Orc:2    | Bought a scroll of identify for 26 gold pieces
 26283 | D:14     | Received a gift from Okawaru
 26284 | D:14     | Reached XP level 16. HP: 128/129 MP: 30/30
 27181 | D:15     | Entered Level 15 of the Dungeon
 27364 | D:15     | Found a shimmering altar of Xom.
 27365 | D:15     | Found a shimmering altar of Xom.
 27365 | D:15     | Found a shimmering altar of Xom.
 27365 | D:15     | Found a shimmering altar of Xom.
 27368 | D:15     | Found a shimmering altar of Xom.
 27371 | D:15     | Found a shimmering altar of Xom.
 27575 | D:15     | Found a staircase to the Depths.
 27906 | D:15     | Received a gift from Okawaru
 28355 | Orc:2    | Bought a potion of enlightenment for 65 gold pieces
 28360 | Orc:2    | Bought a potion of haste for 160 gold pieces
 28365 | Orc:2    | Bought a potion of lignification for 39 gold pieces
 28481 | Swamp:1  | Entered Level 1 of the Swamp
 28712 | Swamp:1  | Identified the +1 buckler of Absence {rN+}
 28713 | Swamp:1  | Noticed Nikola
 28714 | Swamp:1  | Noticed Donald
 28735 | Swamp:1  | Killed Donald
 28739 | Swamp:1  | Killed Nikola
 29304 | Swamp:2  | Noticed a thorn hunter
 29569 | Swamp:1  | Killed a thorn hunter
 30077 | Swamp:2  | Received a gift from Okawaru
 30115 | Swamp:2  | Noticed a fenstrider witch
 30133 | Swamp:2  | Killed a fenstrider witch
 30300 | Swamp:2  | Identified the serpent talisman of the Crafting Gods
                  | {Int+2}
 30300 | Swamp:2  | Noticed Aizul
 30325 | Swamp:2  | HP: 4/131 [poisoned by Aizul (poison arrow)]
 30326 | Swamp:2  | HP: 1/131 [poisoned by Aizul (poison arrow)]
 30326 | Swamp:2  | Slain by Aizul

Illustrated notes

Levels and vault maps discovered:
D:1:      mrwooster_arrival_statue_2, layout_rooms, serial_shops, shop
D:2:      layout_basic, serial_curves, eino_curves_03, eino_curves_01,
          eino_curves_04, eino_curves_04
D:3:      layout_loops_cross, minmay_misc_feat_rugged
D:4:      layout_rooms, gammafunk_ghost_split, minivault_26,
          nicolae_zig_zag_zippers
D:5:      layout_cave_pools
D:6:      layout_basic, uniq_grinder
D:7:      layout_basic, zin_angel, minmay_temple_entry_overgrown,
          kennysheep_generic_room_14
D:8:      layout_rooms, nicolae_tricolors, uniq_prince_ribbit1
D:9:      layout_loops_ring, uniq_grum
D:10:     layout_long_grid
D:11:     layout_cave_pods, lair_entry_dummy, david_orc_4
D:12:     layout_roguey, gauntlet_entry_generic, uniq_jorgrun, uniq_nessos,
          uniq_rupert
D:13:     layout_rooms, david_vaults_4, ebering_ghost_reflecting_pool,
          minmay_puff
D:14:     layout_loops_corners, serial_shops, nicolae_shop_crystal
D:15:     hangedman_depths_entry_civil_slaughter, layout_rooms, xom_redecorated
Temple:   mainiacjoe_temple_trianglar_array
Lair:1:   layout_layer_cave, nzn_ghost_randoct, grunt_forest_large_clearing_hut
Lair:2:   layout_cave_pods, nicolae_spider_entry_non_spiders, st_stairs_12,
          grunt_megastairs_5, infiniplex_staircase_pool_2, serial_bayou_shore_b,
          lemuel_fruit_tree
Lair:3:   layout_cave_pods, nicolae_swamp_entry_splash_gauntlet,
          portal_ice_cave_entry_pillars_2, uniq_gastronok, uniq_urug
Lair:4:   layout_regular_city, dpeg_slime_entry_corner, grunt_megastairs_1
Lair:5:   evilmike_catoblepas_cave, layout_long_grid, basic_altar,
          serial_bayou_shore_a
Swamp:1:  layout_falls_marsh, evilmike_swamp_ruin_house_3, uniq_donald,
          uniq_nikola
Swamp:2:  layout_basic_swamp, nicolae_swamp_some_circles, uniq_aizul
Orc:1:    layout_caves, serial_shops, nicolae_shop_statue_plus, uniq_josephine
Orc:2:    st_orc_open, layout_caves

Skill      XL: |  1  2  3  4  5  6  7  8  9 10 11 12 13 14 15 16 |
---------------+-------------------------------------------------+-----
Invocations    | 1 2 3 4 5 6 7 8 9 10 11 12 | 12.6
Short Blades   | 1 2 3 4 5 6 7 8 9 10 11 | 11.6
Long Blades    | 1 2 3 4 5 6 7 8 9 10 11 | 11.6
Maces & Flails | 1 2 3 4 5 6 7 8 9 10 11 | 11.6
Polearms       | 1 2 3 4 5 6 7 8 9 10 11 | 11.6
Staves         | 1 2 3 4 5 6 7 8 9 10 11 | 11.6
Ranged Weapons | 1 2 3 4 5 6 7 8 9 10 11 | 11.6
Throwing       | 1 2 3 4 5 6 7 8 9 10 11 | 11.6
Dodging        | 1 2 3 4 5 6 7 8 9 10 11 | 11.6
Stealth        | 1 2 3 4 5 6 7 8 9 10 11 | 11.6
Unarmed Combat | 1 2 3 4 5 6 7 8 9 10 11 | 11.6
Spellcasting   | 1 2 3 4 5 6 7 8 9 10 11 | 11.6
Evocations     | 1 2 3 4 5 6 7 8 9 10 11 | 11.6
Shapeshifting  | 1 2 3 4 5 6 7 8 9 10 | 10.7
Conjurations   | 1 2 3 4 5 6 7 8 9 |  9.8
Hexes          | 1 2 3 4 5 6 7 8 9 |  9.8
Summonings     | 1 2 3 4 5 6 7 8 9 |  9.8
Necromancy     | 1 2 3 4 5 6 7 8 9 |  9.8
Translocations | 1 2 3 4 5 6 7 8 9 |  9.8
Fire Magic     | 1 2 3 4 5 6 7 8 9 |  9.8
Ice Magic      | 1 2 3 4 5 6 7 8 9 |  9.8
Air Magic      | 1 2 3 4 5 6 7 8 9 |  9.8
Earth Magic    | 1 2 3 4 5 6 7 8 9 |  9.8
Alchemy        | 1 2 3 4 5 6 7 8 9 |  9.8
Axes           | 5 6 7 8 9 10 11 12 | 12.4
Fighting       | 7 8 9 10 11 12 13 | 13.2
Armour         | 7 8 9 10 11 12 13 | 13.2
Shields        | 7 8 9 10 11 12 13 | 13.2

Action                     |  1- 3 |  4- 6 |  7- 9 | 10-12 | 13-15 | 16-18 || total
---------------------------+-------+-------+-------+-------+-------+-------++-------
  Melee: War axe           |    78 |   134 |   329 |  1039 |   138 |       ||  1718
         Bite              |     2 |     8 |    40 |   136 |   265 |    83 ||   534
         Hand axe          |       |       |       |       |  1140 |   457 ||  1597
         Mace              |       |       |       |       |   123 |       ||   123
  Throw: Dart              |       |    14 |     8 |    47 |    92 |    45 ||   206
         Throwing net      |       |       |     1 |       |       |       ||     1
         Boomerang         |       |       |       |    13 |       |     9 ||    22
         Javelin           |       |       |       |       |       |     1 ||     1
 Invoke: Heroism           |       |       |       |    15 |    14 |     4 ||    33
         Finesse           |       |       |       |       |     2 |     1 ||     3
  Evoke: Wand              |       |       |       |    11 |     5 |       ||    16
    Use: Scroll            |       |       |     9 |     2 |     5 |     1 ||    17
         Potion            |       |       |     1 |     2 |       |     3 ||     6
   Stab: Held in net/web   |       |       |     1 |       |       |       ||     1
         Sleeping          |       |       |     2 |     3 |       |       ||     5
         Distracted        |       |       |     1 |       |       |       ||     1
 Armour: Scale mail        |    65 |    97 |    33 |       |       |       ||   195
         Swamp dragon scal |       |       |   163 |   386 |       |       ||   549
         Crystal plate arm |       |       |       |   119 |   701 |   239 ||  1059
  Dodge: Dodged            |    32 |    52 |   105 |   330 |   313 |    84 ||   916
  Block: Buckler           |    16 |    27 |    26 |       |       |       ||    69
         Tower shield      |       |       |   351 |  1265 |  1648 |   541 ||  3805
         Reflection        |       |       |    10 |    30 |    47 |    24 ||   111

Table legend: (Time is in decaauts)
 A = Elapsed time spent in this place.
 B = Non-inter-level travel time spent in this place.
 C = Inter-level travel time spent in this place.
 D = Time resting spent in this place.
 E = Time spent auto-exploring this place.
 F = Levels seen in this place.
 G = Mean time per level.
                   A        B        C        D        E       F      G
               +--------+--------+--------+--------+--------+-----+--------+
         Total |  30761 |  28721 |   2040 |   6527 |  12975 |  27 | 1139.3 |
       Dungeon |  16210 |  14924 |   1286 |   2628 |   7911 |  15 | 1080.7 |
        Temple |     51 |      2 |     49 |      0 |      0 |   1 |   51.0 |
          Lair |   8112 |   7846 |    266 |   1376 |   3770 |   5 | 1622.4 |
         Swamp |   1794 |   1631 |    163 |    825 |    314 |   2 |  897.0 |
  Orcish Mines |   2104 |   1829 |    275 |    407 |    963 |   2 | 1052.0 |
      Ice Cave |   1909 |   1909 |      0 |   1082 |      0 |   1 | 1909.0 |
      Gauntlet |    577 |    577 |      0 |    208 |     17 |   1 |  577.0 |
               +--------+--------+--------+--------+--------+-----+--------+

Top non-repeatable levels by time:
  Lair:2: 2043 daAuts
    D:11: 1956 daAuts
   IceCv: 1909 daAuts
  Lair:5: 1901 daAuts
    D:10: 1874 daAuts
  Lair:3: 1688 daAuts
  Lair:1: 1449 daAuts
 Swamp:1: 1449 daAuts
     D:6: 1422 daAuts
    D:13: 1319 daAuts
   Orc:1: 1205 daAuts
     D:7: 1128 daAuts
     D:4: 1089 daAuts
    D:14: 1059 daAuts
     D:9: 1040 daAuts
